 Dungeon Crawl Stone Soup version 0.16.2-12-gd0ad4c3 (webtiles) character file.

20985 pedritolo the Covert (level 12, -6/51 HPs)
             Began as a Spriggan Enchanter on Sept 25, 2017.
             Was a High Priest of Dithmenos.
             Mangled by a spiny frog (20 damage)
             ... on level 8 of the Lair of Beasts.
             The game lasted 00:51:30 (5246 turns).

pedritolo the Covert (Spriggan Enchanter)           Turns: 5246, Time: 00:51:30

Health: -6/51      AC:  8    Str:  4    XL:     12   Next: 50%
Magic:  21/23      EV: 31    Int: 20    God:    Dithmenos [*****.]
Gold:   737        SH:  2    Dex: 29    Spells: 5 memorised, 16 levels left

rFire  + . .     SeeInvis +     y - +9 rapier of Benevolence {pierce, rF+ rC- MP-9 Dex+7}
rCold  x . .     Clarity  .     D - +0 troll leather armour
rNeg   . . .     SustAb   .     (shield restricted)
rPois  .         Gourm    .     (helmet restricted)
rElec  .         Spirit   .     v - +1 cloak
rCorr  .         Warding  .     (gloves unavailable)
rMut   .         Stasis   .     (boots unavailable)
MR     ++...                    U - amulet of faith
Stlth  ++++++++++               r - ring of stealth
                                e - ring of stealth

@: wreathed by umbra, very quick, very resistant to hostile enchantments,
uncannily stealthy
A: unfitting armour, large bone plates 1, thin skeletal structure 1, see
invisible, clever 1, herbivore 3, speed 3, slow metabolism 2
a: Shadow Step, Shadow Form, Renounce Religion


You were on level 8 of the Lair of Beasts.
You worshipped Dithmenos.
Dithmenos was extremely pleased with you.
You were not hungry.

You visited 3 branches of the dungeon, and saw 23 of its levels.
You also visited: Labyrinth.

You collected 737 gold pieces.

Inventory:

Hand weapons
 a - a +1 dagger
 s - a +0 blowgun
 u - the +2 dagger of the People {freeze, rElec rPois Str-5 Int-2 SInv}
   (You found it in a labyrinth)

   It has been specially enchanted to freeze those struck by it, causing extra
   injury to most foes and up to half again as much damage against particularly
   susceptible opponents.
   It can also slow down cold-blooded creatures.
   It affects your strength (-5).
   It affects your intelligence (-2).
   It insulates you from electricity.
   It protects you from poison.
   It enhances your eyesight.
 y - the +9 rapier of Benevolence (weapon) {pierce, rF+ rC- MP-9 Dex+7}
   (You found it on level 7 of the Dungeon)

   It inflicts extra damage upon your enemies.
   It affects your dexterity (+7).
   It protects you from fire.
   It makes you vulnerable to cold.
   It affects your magic capacity (-9).
Missiles
 B - 21 poisoned needles
Armour
 b - a +1 robe
 v - a +1 cloak (worn)
 D - a +0 troll leather armour (worn)
Magical staves
 T - an uncursed staff of death {unknown}
Jewellery
 e - a ring of stealth (left hand)
 j - an uncursed ring of protection from fire
 r - a ring of stealth (right hand)
 t - an uncursed ring of teleportation
 A - the ring "Khobrux" {-Cast +Fly rPois SInv}
   (You found it on level 9 of the Dungeon)

   [ring of flight]

   It protects you from poison.
   It enhances your eyesight.
   It lets you fly.
   It prevents spellcasting.
 H - a +2 ring of evasion
 O - an uncursed ring of flight
 U - an amulet of faith (around neck)
Magical devices
 m - a wand of confusion (0)
 E - a wand of slowing (23)
 F - a wand of hasting (4)
 I - a wand of random effects (24)
Scrolls
 d - 3 scrolls of fear
 g - 3 scrolls of fog
 k - 4 scrolls of noise {unknown}
 l - 3 scrolls of random uselessness {unknown}
 n - 3 scrolls of remove curse
 o - 5 scrolls of teleportation
 q - a scroll of amnesia {unknown}
 w - 4 scrolls of blinking {unknown}
 C - a scroll of enchant weapon {unknown}
 L - 2 scrolls of magic mapping
 Q - a scroll of immolation {unknown}
Potions
 i - 2 potions of might {unknown}
 p - a potion of agility
 x - 3 potions of curing
 z - a potion of haste
 J - 3 potions of brilliance {unknown}
 M - a potion of cure mutation {unknown}
 N - a potion of magic {unknown}
 S - a potion of lignification {unknown}
Books
 c - a book of Maledictions

   Spells                             Type                      Level
   a - Corona                         Hexes                        1
   b - Sure Blade                     Hexes/Charms                 2
   c - Ensorcelled Hibernation        Hexes/Ice                    2
   d - Confuse                        Hexes                        3
   e - Dazzling Spray                 Conjuration/Hexes            3
   f - Enslavement                    Hexes                        4
 G - a book of Power

   Spells                             Type                      Level
   a - Fulminant Prism                Conjuration/Hexes            4
   b - Iskenderun's Mystic Blast      Conjuration                  4
   c - Venom Bolt                     Conjuration/Poison           5
   d - Bolt of Magma                  Conjuration/Fire/Earth       5
   e - Iron Shot                      Conjuration/Earth            6
   f - Orb of Destruction             Conjuration                  7
   g - Spellforged Servitor           Conjuration/Summoning        7
 K - a book of Necromancy

   Spells                             Type                      Level
   a - Pain                           Necromancy                   1
   b - Animate Skeleton               Necromancy                   1
   c - Vampiric Draining              Necromancy                   3
   d - Regeneration                   Charms/Necromancy            3
   e - Animate Dead                   Necromancy                   4
   f - Control Undead                 Necromancy                   4
 P - a book of Alchemy

   Spells                             Type                      Level
   a - Sublimation of Blood           Necromancy                   2
   b - Alistair's Intoxication        Transmutation/Poison         4
   c - Condensation Shield            Ice                          4
   d - Petrify                        Transmutation/Earth          4
   e - Ignite Poison                  Fire/Transmutation           5
   f - Irradiate                      Conjuration/Transmutation    5
Miscellaneous
 h - a sack of spiders
 R - a box of beasts
Comestibles
 f - 3 bread rations


   Skills:
 + Level 9.7 Short Blades
 + Level 11.9 Dodging
 + Level 13.5 Stealth
 + Level 9.1 Spellcasting
 + Level 12.1 Hexes
 + Level 6.2 Invocations
 + Level 8.8 Evocations


You had 16 spell levels left.
You knew the following spells:

 Your Spells              Type           Power        Failure   Level  Hunger
a - Corona                Hex            ######.      1%          1    None
b - Ensorcelled Hibernat  Hex/Ice        ####..       1%          2    None
c - Confuse               Hex            ######..     1%          3    None
d - Dazzling Spray        Conj/Hex       ####....     4%          3    None
e - Enslavement           Hex            ######..     1%          4    ###....


Dungeon Overview and Level Annotations

Branches:
Dungeon (14/15)            Temple (1/1) D:6            Lair (8/8) D:8
  Swamp: Lair:3-6    Shoals: Lair:3-6     Snake: Lair:3-6    Spider: Lair:3-6
  Slime: Lair:6-8       Orc: D:9-12      Vaults: D:13-14

Altars:
Ashenzari
Dithmenos
Elyvilon
Gozag
Makhleb
Yredelemnul
The Shining One

Annotations:
D:5 Menkaure
D:6 pedritolo's ghost, average SpEn
D:8 Gastronok
D:10 DEFE's ghost, powerful DECK; Eustachio


Innate Abilities, Weirdness & Mutations

You are tiny and cannot use many weapons and most armour.
You have supernaturally acute eyesight.
You are a herbivore.
You cover ground extremely quickly.
You need consume almost no food.
You are partially covered in large bone plates (AC +2, SH +2).
You have a somewhat thin skeletal structure (Dex +2, Stealth).
Your mind is acute. (Int +2)


Message History

The blink frog blinks!
The blink frog blinks!
The blink frog blinks!
The blink frog blinks!
The blink frog blinks!
The basilisk bites you!
* * * LOW HITPOINT WARNING * * *
The spiny frog croaks.
The basilisk gazes at you. You resist with almost no effort.
Casting: Ensorcelled Hibernation
Confirm with . or Enter, or press ? or * to list all spells.
Aiming: Ensorcelled Hibernation
Press: ? - help, Shift-Dir - straight line, f - spiny frog
Aim: a spiny frog (umbra, chance 62%)
The spiny frog resists with significant effort.
The spiny frog barely misses you. The basilisk gazes at you.
You resist with almost no effort. The spiny frog stings you!!
You die...

†.# ##†....P# #.PPP.....#....##
.## ##†..### ###P....#..P..#.# ##
##### #..#P....§.....#. ###
###############.....Y.......
#.####..##..##.#.#.YP..Y§.......#
.........#..÷....l.PPPPY...Y...P#
.......Y..........PP#P.#...##..P.
........P.#.......######...##..PP
.............PPP@..# ###.#.Y...
.............PP.FP## #..P.....
.Y##........P##P...# #........
.###..........#...## ##....#..P
..###.#.......##..# #P........
P.P#####.......#### ##P...§...
..P#####.....[ #.§P§##..
....#.PP. #P§§..#.. ...#..PP..
#....P#§§§.##.


You could see a death yak, an elephant, a spiny frog and a basilisk.

Vanquished Creatures
  A hydra (D:11)
  An ice dragon (Lair:8)
  A lindwurm (Lair:8)
  A hill giant (D:9)
  A wolf spider (Lair:8)
  A hornet (Lair:8)
  A cyclops (D:13)
  An ugly thing (D:12)
  4 elephants (Lair:8)
  5 black mambas (Lair:8)
  A guardian serpent (Lair:8)
  6 torpor snails (Lair:8)
  A komodo dragon (Lair:8)
  6 spiny frogs
  3 trolls
  3 giant leeches (Lair:8)
  3 blink frogs (Lair:8)
  A basilisk (Lair:7)
  2 redbacks (Lair:8)
  5 wyverns
  A deep elf mage (D:9)
  11 yaks
  2 hippogriffs
  8 wolves (Lair:8)
  5 water moccasins (Lair:8)
  4 spiders (Lair:8)
  4 porcupines
  6 wasps
  A boring beetle (Lair:8)
  3 ogres
  2 phantoms
  4 brain worms (Lair:8)
  A big kobold (D:9)
  2 giant frogs
  2 scorpions
  A wyvern skeleton (D:11)
  A giant frog zombie (D:9)
  An orc priest (D:8)
  A hound (D:11)
  3 crimson imps
  A jelly (D:10)
  A centaur zombie (D:8)
  2 orc wizards
  4 worker ants (Lair:8)
  3 iguanas
  12 sheep
  Jessica (D:2)
  A worker ant zombie (D:5)
  10 river rats (Lair:8)
  13 adders
  4 gnolls (D:4)
  4 shadow imps
  17 worms (Lair:8)
  An adder skeleton (D:6)
  8 orcs
  A ball python (D:5)
  13 bats
  3 giant cockroaches
  3 goblins
  7 hobgoblins
  3 giant geckos
  A jackal (D:6)
  9 kobolds
  4 quokkas
  A quokka zombie (D:5)
  9 rats
  A fungus (Lair:8)
  4 plants (Lair:8)
252 creatures vanquished.

Vanquished Creatures (collateral kills)
  A centaur (D:9)
  2 kobolds (D:9)
3 creatures vanquished.

Vanquished Creatures (others)
  A yak (D:9)
  2 fungi (Lair:8)
  7 plants (Lair:8)
10 creatures vanquished.

Grand Total: 265 creatures vanquished

Notes
Turn   | Place    | Note
--------------------------------------------------------------
     0 | D:1      | pedritolo, the Spriggan Enchanter, began the quest for the Orb.
     0 | D:1      | Reached XP level 1. HP: 9/9 MP: 4/4
   180 | D:2      | Reached XP level 2. HP: 10/13 MP: 5/7
   184 | D:2      | Learned a level 2 spell: Ensorcelled Hibernation
   207 | D:2      | Noticed Jessica
   213 | D:2      | Killed Jessica
   247 | D:2      | Reached XP level 3. HP: 12/16 MP: 5/11
   252 | D:2      | Learned a level 3 spell: Confuse
   523 | D:4      | Reached skill level 5 in Hexes
   553 | D:4      | Reached XP level 4. HP: 7/21 MP: 3/13
   558 | D:4      | Learned a level 3 spell: Dazzling Spray
   564 | D:4      | Reached skill level 5 in Stealth
   650 | D:5      | Entered Level 5 of the Dungeon
   684 | D:5      | Reached XP level 5. HP: 14/24 MP: 14/17
   701 | D:5      | Noticed a phantom
   721 | D:5      | Killed a phantom
   767 | D:6      | Noticed pedritolo's ghost (average SpEn)
   767 | D:6      | Noticed an orc warrior
   775 | D:6      | Reached skill level 6 in Stealth
   879 | D:5      | Noticed Menkaure
   900 | D:5      | Reached XP level 6. HP: 11/28 MP: 12/19
   963 | D:5      | Learned a level 4 spell: Enslavement
   966 | D:5      | Found a burning altar of Makhleb.
  1024 | D:6      | Found a staircase to the Ecumenical Temple.
  1033 | Temple   | Entered the Ecumenical Temple
  1042 | Temple   | Became a worshipper of Dithmenos the Shadowed
  1357 | D:9      | Reached XP level 7. HP: 6/32 MP: 6/21
  1419 | D:8      | Found a staircase to the Lair.
  1474 | D:8      | Reached skill level 7 in Hexes
  1584 | D:9      | Noticed a hill giant
  1666 | D:8      | Reached skill level 5 in Spellcasting
  1690 | D:7      | Found a glowing golden altar of the Shining One.
  1693 | D:7      | Got an iridescent rapier
  1694 | D:7      | Identified the +9 rapier of Benevolence {pierce, rF+ rC- MP-9 Dex+7} (You found it on level 7 of the Dungeon)
  1718 | D:8      | Noticed Gastronok
  1772 | D:9      | Noticed a deep elf mage
  1861 | D:10     | Entered Level 10 of the Dungeon
  1868 | D:10     | Noticed a wyvern
  1878 | D:10     | Killed a wyvern
  1878 | D:10     | Reached skill level 5 in Dodging
  1878 | D:10     | Reached XP level 8. HP: 22/36 MP: 17/24
  1887 | D:11     | Noticed a cyclops
  1913 | D:11     | Found a labyrinth entrance.
  1945 | Lab      | Entered a labyrinth
  2080 | Lab      | Noticed a minotaur
  2091 | Lab      | Gained mutation: Your mind is acute. (Int +2) [potion of mutation]
  2091 | Lab      | Gained mutation: You have a somewhat thin skeletal structure (Dex +2, Stealth). [potion of mutation]
  2091 | Lab      | Gained mutation: You are partially covered in large bone plates (AC +2, SH +2). [potion of mutation]
  2318 | Lab      | Got a shimmering dagger
  2338 | D:12     | Lost strength.
  2338 | D:12     | Identified the +2 dagger of the People {freeze, rElec rPois Str-5 Int-2 SInv} (You found it in a labyrinth)
  2392 | D:12     | Noticed a green ugly thing
  2427 | D:12     | Killed a green ugly thing
  2427 | D:12     | Reached skill level 5 in Short Blades
  2427 | D:12     | Reached skill level 8 in Stealth
  2583 | D:11     | Noticed a troll
  2590 | D:11     | Noticed a red ugly thing
  2597 | D:11     | Noticed a troll
  2659 | D:11     | 50% my ass
  2680 | D:10     | Noticed DEFE's ghost (powerful DECK)
  2730 | D:10     | Noticed Eustachio
  2738 | D:9      | Noticed a troll
  2745 | D:9      | Killed a troll
  2745 | D:9      | Reached skill level 9 in Stealth
  2779 | D:9      | Reached XP level 9. HP: 20/39 MP: 11/25
  2793 | D:9      | Got a pitted bronze ring
  2795 | D:9      | Identified the ring "Khobrux" {-Cast +Fly rPois SInv} (You found it on level 9 of the Dungeon)
  2800 | D:9      | Noticed a troll
  2808 | D:9      | Killed a troll
  2841 | D:9      | Killed a deep elf mage
  2994 | D:11     | Killed a troll
  2994 | D:11     | Reached skill level 10 in Stealth
  3030 | D:11     | Noticed a six-headed hydra
  3104 | D:13     | Noticed a cyclops
  3115 | D:13     | Killed a cyclops
  3163 | D:13     | fuck this
  3178 | D:14     | Noticed a centaur skeleton
  3178 | D:14     | Noticed a kobold demonologist
  3274 | D:11     | Killed a six-headed hydra
  3274 | D:11     | Reached skill level 11 in Stealth
  3274 | D:11     | Reached skill level 1 in Invocations
  3414 | D:9      | Killed a hill giant
  3414 | D:9      | Reached skill level 10 in Hexes
  3414 | D:9      | Reached XP level 10. HP: 44/44 MP: 20/27
  3432 | D:9      | Noticed a yak
  3433 | D:9      | Noticed a yak
  3441 | D:9      | Noticed a yak
  3448 | D:9      | Killed a yak
  3449 | D:9      | Noticed a yak
  3500 | D:9      | a yak (ally) was killed
  3512 | D:9      | Killed a yak
  3517 | D:9      | Killed a yak
  3517 | D:9      | Acquired Dithmenos' first power
  3592 | Lair:1   | Entered Level 1 of the Lair of Beasts
  3891 | Lair:8   | Entered Level 8 of the Lair of Beasts
  3949 | Lair:8   | Reached skill level 10 in Dodging
  4051 | Lair:8   | Noticed a black mamba
  4054 | Lair:8   | Reached skill level 5 in Evocations
  4057 | Lair:8   | Killed a black mamba
  4161 | Lair:8   | Reached XP level 11. HP: 47/47 MP: 20/29
  4192 | Lair:8   | Noticed a black mamba
  4195 | Lair:8   | Reached skill level 12 in Stealth
  4198 | Lair:8   | Acquired Dithmenos' second power
  4200 | Lair:8   | Killed a black mamba
  4208 | Lair:8   | Noticed a black mamba
  4210 | Lair:8   | Killed a black mamba
  4271 | Lair:8   | Noticed a black mamba
  4274 | Lair:8   | Noticed a guardian serpent
  4274 | Lair:8   | Noticed a black mamba
  4274 | Lair:8   | Noticed a wolf spider
  4278 | Lair:8   | Killed a black mamba
  4280 | Lair:8   | Killed a black mamba
  4329 | Lair:8   | Killed a wolf spider
  4356 | Lair:8   | Killed a guardian serpent
  4514 | Lair:8   | Reached skill level 5 in Invocations
  4535 | Lair:8   | Noticed a hornet
  4560 | Lair:8   | Killed a hornet
  4670 | Lair:8   | Acquired Dithmenos' third power
  4724 | Lair:8   | Noticed an elephant
  4730 | Lair:8   | Noticed an elephant
  4730 | Lair:8   | Noticed an elephant
  4730 | Lair:8   | Noticed an elephant
  4731 | Lair:8   | Noticed an elephant
  4731 | Lair:8   | Noticed an elephant
  4734 | Lair:8   | Killed an elephant
  4734 | Lair:8   | Reached skill level 13 in Stealth
  4734 | Lair:8   | Reached XP level 12. HP: 51/51 MP: 22/32
  4737 | Lair:8   | Killed an elephant
  4738 | Lair:8   | Killed an elephant
  4900 | Lair:8   | Found a runed door.
  4948 | Lair:8   | Noticed a lindwurm
  4973 | Lair:8   | Killed an elephant
  5071 | Lair:8   | Acquired Dithmenos' fourth power
  5097 | Lair:8   | Killed a lindwurm
  5141 | Lair:8   | Noticed an ice dragon
  5144 | Lair:8   | Killed an ice dragon
  5194 | Lair:8   | Noticed a death yak
  5196 | Lair:8   | Noticed a death yak
  5197 | Lair:8   | Noticed a death yak
  5197 | Lair:8   | Noticed a death yak
  5246 | Lair:8   | Mangled by a spiny frog

Action                   |  1- 3 |  4- 6 |  7- 9 | 10-12 || total
-------------------------+-------+-------+-------+-------++-------
Melee: Dagger            |    56 |   123 |   154 |    84 ||   417
       Rapier            |       |       |    10 |   251 ||   261
 Cast: Corona            |     5 |       |       |       ||     5
       Ensorcelled Hiber |     9 |     3 |    29 |    55 ||    96
       Confuse           |     3 |    16 |    44 |    17 ||    80
       Enslavement       |       |     1 |       |     1 ||     2
 Abil: Evoke Teleportati |       |       |     2 |       ||     2
Evoke: Wand              |       |     8 |     9 |       ||    17
  Use: Scroll            |     4 |       |     5 |     5 ||    14
       Potion            |       |       |     5 |       ||     5
 Stab: Sleeping          |     9 |     9 |    18 |    99 ||   135
       Confused          |     1 |    13 |    21 |    11 ||    46
       Distracted        |       |       |     1 |     1 ||     2
  Eat: Bread ration      |       |       |     1 |     1 ||     2
       Royal jelly       |       |       |     1 |       ||     1
